 Dungeon Crawl Stone Soup version 0.26-a0-651-gb41185065b (webtiles) character file.

Game seed: 376065153477879664

244 Irenicus the Chopper (level 5, -8/45 HPs)
             Began as a Deep Dwarf Gladiator on Oct 3, 2020.
             Killed by divine providence
             ... invoked by an orc priest
              (11 damage)
             ... on level 3 of the Dungeon.
             The game lasted 00:08:43 (1297 turns).

Irenicus the Chopper (Deep Dwarf Gladiator)         Turns: 1297, Time: 00:08:44

Health: -8/45      AC:  7    Str: 17 (18) XL:     5   Next: 83%
Magic:  5/5        EV: 17    Int:  6 (8)  God:
Gold:   64         SH:  0    Dex: 15      Spells: 4/4 levels left

rFire    . . .     SeeInvis .   a - +0 war axe
rCold    . . .     Faith    .   (no shield)
rNeg     . . .     Spirit   .   i - +0 acid dragon scales (curse)
rPois    .         Reflect  .   c - +0 helmet
rElec    .         Harm     .   (no cloak)
rCorr    +         Rampage  .   (no gloves)
MR       .....                  (no boots)
Stlth    +.........             (no amulet)
HPRegen  0.00/turn              h - +4 ring of evasion
MPRegen  0.09/turn              (no ring)

@: non-regenerating
A: damage resistance, heal wounds, sense surroundings 1, no regeneration
a: Heal Wounds


You were on level 3 of the Dungeon.
You visited 1 branch of the dungeon, and saw 3 of its levels.

You collected 64 gold pieces.

Inventory:

Hand Weapons
 a - a +0 war axe (weapon)
Missiles
 d - 3 throwing nets {=f, !d}
Armour
 c - a +0 helmet (worn)
 i - cursed +0 acid dragon scales (worn)
   (You found it on level 3 of the Dungeon)
Jewellery
 e - a +6 ring of intelligence
   (You found it on level 3 of the Dungeon)
 h - a +4 ring of evasion (left hand)
   (You found it on level 1 of the Dungeon)
Scrolls
 b - a scroll of remove curse {unknown}
 f - a scroll of fear {unknown}
 g - a scroll of enchant weapon {unknown}
 j - a scroll of identify {unknown}
 l - a scroll of blinking {unknown}
 m - a scroll of noise {unknown}
 o - 2 scrolls of immolation {unknown}
 p - a scroll of amnesia {unknown}
Potions
 k - a potion of lignification {!q}
 n - a potion of flight


   Skills:
 - Level 2.0 Fighting
 + Level 7.0 Axes
 - Level 2.0 Throwing
 - Level 3.4 Dodging


You had 4 spell levels left.
You didn't know any spells.
Your spell library was empty.

Dungeon Overview and Level Annotations

Branches:
Dungeon (3/15)

Altars:
Ashenzari
Kikubaaqudgha
Vehumet


Innate Abilities, Weirdness & Mutations

You are resistant to damage.
You can heal yourself by infusing magical energy.
You passively map a small area around you.
You do not regenerate.


Message History

The sky beast hits you but does no damage.
Your ring mail prevents you from hitting the sky beast.
The sky beast barely misses you.
You hit the sky beast.
The sky beast is lightly wounded.
You closely miss the rat. The rat closely misses you. The sky beast hits you.
The sky beast shocks you. The rat closely misses you.
You take 4 damage, and have 23/45 hp.
You closely miss the sky beast. You hit the rat.
You kill the rat!
The sky beast barely misses you.
You slash the sky beast!
The sky beast is moderately wounded.
The sky beast barely misses you. x2
You barely miss the sky beast.
The sky beast is moderately wounded.
The sky beast barely misses you.
You slash the sky beast!
The sky beast is severely wounded.
The sky beast barely misses you.
You slash the sky beast!
You kill the sky beast!
You feel your strength returning.
You feel your intelligence returning.
You see here acid dragon scales. i - acid dragon scales You start removing your armour.
You continue taking off your +0 ring mail. x4
You finish taking off your +0 ring mail.
You start putting on your armour.
You continue putting on your acid dragon scales. x5
You finish putting on your cursed +0 acid dragon scales.
Oops, that feels deathly cold.
Drop what? 14/52 slots (_ for help) (? for menu, Esc to quit)
You drop a +0 ring mail.
Found a potion of flight.
Found a stone staircase leading down and a stone staircase leading up.
j - a scroll labeled BACAEM FIE
n - a potion of flight
There is a stone staircase leading up here.
p - a scroll labeled FYTWIPO SUYSE Search for what [Enter for "ring", or ? for help]?
D:1 Search for what [Enter for "D:1", or ? for help]?
D:2
Found an escape hatch in the ceiling.
A bat, a kobold and an orc come into view.
The orc is wielding a +1 mace of holy wrath.
The kobold shouts!
The kobold throws a stone.
The stone hits you but does no damage.
The orc moves out of view.
You see here a stone.
A leopard gecko comes into view.
An orc priest comes into view. It is wielding a +0 club.
The kobold throws a stone.
The stone completely misses you.
The leopard gecko hisses angrily.
The orc priest shouts!
You slash the bat!
You kill the bat!
A ball python comes into view.
The orc priest casts a cantrip, but nothing happens.
You see here 2 stones.
You slash the orc!
You kill the orc!
Your Axes skill increases to level 7!
The kobold throws a stone.
The stone hits you but does no damage.
A hobgoblin comes into view. It is wielding a +0 club.
The ball python hisses angrily.
The hobgoblin shouts!
The kobold throws a stone.
The stone closely misses you.
The orc priest miscasts a cantrip.
Things that are here:
a stone; a +1 mace of holy wrath; 11 gold pieces The kobold throws a stone.
The stone barely misses you.
You see here 4 stones.
You slash the leopard gecko!
You kill the leopard gecko!
You slash the kobold!
You kill the kobold!
The ball python misses you. The ball python completely misses you.
You barely miss the ball python. The ball python barely misses you.
The ball python closely misses you.
You hit the ball python.
The ball python is severely wounded.
The ball python completely misses you. The ball python barely misses you.
The ball python misses you. The ball python barely misses you.
You completely miss the ball python.
The ball python is severely wounded.
The ball python misses you. The ball python barely misses you.
You slash the ball python!
You kill the ball python!
The orc priest calls down the wrath of Beogh upon you.
Beogh smites you!
You take 9 damage, and have 14/45 hp.
You closely miss the hobgoblin.
The orc priest invokes the aid of Beogh against you.
Beogh smites you!
* * * LOW HITPOINT WARNING * * *
The hobgoblin closely misses you.
You take 11 damage, and have 3/45 hp.
MASSIVE DAMAGE!!
You slash the hobgoblin!
You kill the hobgoblin!
The orc priest invokes the aid of Beogh against you.
Beogh smites you!
You die...

#....# ### #....# #.#
#....# #.# * # ** ##..(.#
#.# ... * #.....# #.#
.....#####.....#######.###
*
......g()o................
*
,.......##)##..#########...
....... #@##.## #..## ,
#...K.. #.##.# #..#*
#.$S... #.##.# #... ##.....
#.##.# * *#.## ,.......
...<.. , , .. #. .......
..##.# ...>.. , ###..#
.####. , #. , #$


You could see an orc priest.

Vanquished Creatures
  A sky beast (D:3)
  Terence (D:2)
  Natasha (twice) (D:2)
  2 adders
  A worm (D:3)
  2 dart slugs (D:1)
  2 leopard geckos
  3 orcs (D:3)
  3 giant cockroaches (D:2)
  6 goblins
  4 hobgoblins
  3 jackals (D:1)
  2 ball pythons
  8 bats
  6 frilled lizards
  5 kobolds
  5 rats
56 creatures vanquished.

Vanquished Creatures (others)
  2 minotaurs (D:1)
  2 octopodes (D:1)
  An elf (D:1)
  A vine stalker (D:1)
  A formicid (D:1)
  A spriggan (D:1)
  A vampire (D:1)
  2 nagas (D:1)
  A dwarf (D:1)
  2 orcs (D:1)
  A kobold (D:1)
  6 tentacles (D:1)
21 creatures vanquished.

Grand Total: 77 creatures vanquished

Notes
Turn   | Place    | Note
-------+----------+-------------------------------------------
     0 | D:1      | Irenicus the Deep Dwarf Gladiator began the quest for the
                  | Orb.
     0 | D:1      | Reached XP level 1. HP: 19/19 MP: 1/1
     2 | D:1      | Noticed a naga
     2 | D:1      | Noticed a naga
     2 | D:1      | Noticed a vine stalker
     2 | D:1      | Noticed a formicid
     2 | D:1      | Noticed a dwarf
     2 | D:1      | Noticed a vampire
     2 | D:1      | Noticed a kraken
     2 | D:1      | Noticed an octopode
     2 | D:1      | Noticed an octopode
     2 | D:1      | Noticed a spriggan
     2 | D:1      | Noticed a minotaur
     2 | D:1      | Noticed a minotaur
     2 | D:1      | Noticed an elf
     5 | D:1      | Killed a spriggan
     8 | D:1      | Killed a minotaur
    11 | D:1      | Killed a vampire
    12 | D:1      | Killed an octopode
    12 | D:1      | Killed a naga
    13 | D:1      | Killed a formicid
    13 | D:1      | Killed a dwarf
    13 | D:1      | Killed an octopode
    15 | D:1      | Killed an elf
    16 | D:1      | Killed a naga
    16 | D:1      | Killed a vine stalker
    21 | D:1      | Killed a minotaur
    66 | D:1      | Reached skill level 2 in Fighting
    87 | D:1      | Reached skill level 2 in Throwing
    87 | D:1      | Reached XP level 2. HP: 24/26 MP: 2/2
   380 | D:1      | Found a broken altar of Ashenzari.
   438 | D:2      | Found an ancient bone altar of Kikubaaqudgha.
   443 | D:2      | Found a radiant altar of Vehumet.
   454 | D:2      | Reached skill level 4 in Axes
   491 | D:2      | Noticed Terence
   506 | D:2      | Killed Terence
   506 | D:2      | Reached XP level 3. HP: 27/32 MP: 3/3
   928 | D:2      | Noticed Natasha
   945 | D:2      | Killed Natasha
   945 | D:2      | Reached skill level 5 in Axes
   945 | D:2      | Reached XP level 4. HP: 14/39 MP: 4/4
   952 | D:2      | Noticed Natasha
   963 | D:2      | HP: 6/39 [Natasha (5)]
   965 | D:2      | Killed Natasha
  1021 | D:2      | HP: 5/39 [adder (1)]
  1170 | D:3      | Reached skill level 6 in Axes
  1170 | D:3      | Reached XP level 5. HP: 27/45 MP: 5/5
  1208 | D:3      | Noticed a sky beast
  1217 | D:3      | Killed a sky beast
  1283 | D:3      | Reached skill level 7 in Axes
  1296 | D:3      | HP: 3/45 [orc priest/divine providence (11)]
  1297 | D:3      | Killed from afar by an orc priest

Illustrated notes

Levels and vault maps discovered:
D:1:      nicolae_arrival_kraken_aquarium_b, layout_loops_ring,
          ashenzari_altar_1
D:2:      layout_basic, overflow_temple_1_default, vehumet_crystals,
          kennysheep_potato, uniq_natasha, uniq_terence
D:3:      layout_rooms, cheibriados_altar_1, makhleb_blood_cavern_becter,
          chequers_serial_rivers_small_3

Skill      XL: |  1  2  3  4  5 |
---------------+----------------+-----
Fighting       | 2 |  2.0
Throwing       | 2 |  2.0
Axes           | 4 5 6 7 |  7.0
Dodging        | |  3.4

Action                   |  1- 3 |  4- 6 || total
-------------------------+-------+-------++-------
Melee: War axe           |   112 |    65 ||   177
 Abil: Heal Wounds       |       |     1 ||     1
  Use: Potion            |     1 |     4 ||     5
 Stab: Sleeping          |     1 |       ||     1
Armor: Leather armour    |    32 |       ||    32
       Ring mail         |     2 |    17 ||    19
       Skin              |       |     1 ||     1
Dodge: Dodged            |   135 |    68 ||   203

Table legend: (Time is in decaauts)
 A = Elapsed time spent in this place.
 B = Non-inter-level travel time spent in this place.
 C = Inter-level travel time spent in this place.
 D = Time resting spent in this place.
 E = Time spent auto-exploring this place.
 F = Levels seen in this place.
 G = Mean time per level.
                   A        B        C        D        E       F      G
               +--------+--------+--------+--------+--------+-----+--------+
         Total |   1341 |   1319 |     22 |     21 |      0 |   3 |  447.0 |
       Dungeon |   1341 |   1319 |     22 |     21 |      0 |   3 |  447.0 |
               +--------+--------+--------+--------+--------+-----+--------+

Top non-repeatable levels by time:
     D:2: 717 daAuts
     D:1: 447 daAuts
     D:3: 176 daAuts

Table legend:
 A = Kills in this place as a percentage of kills in entire the game.
 B = Kills by you in this place as a percentage of kills by you in the entire game.
 C = Kills by friends in this place as a percentage of kills by friends in the entire game.
 D = Other kills in this place as a percentage of other kills in the entire game.
 E = Experience gained in this place as a percentage of experience gained in the entire game.
 F = Experience gained in this place divided by the number of levels of this place that you have seen.
                   A       B       C       D       E      F
               +-------+-------+-------+-------+-------+----------------------
         Total | 100.0 | 100.0 |   N/A |   N/A | 100.0 | 116.3
       Dungeon | 100.0 | 100.0 |   N/A |   N/A | 100.0 | 116.3
               +-------+-------+-------+-------+-------+----------------------
